[Event "Portuguese-ch U14-20 2022"]
[Site "Fatima"]
[Date "2022.04.12"]
[Round "5.28"]
[White "Veleirinho, Tomas Carvalho"]
[Black "Azevedo Junior, Joao Nunes"]
[Result "1-0"]
[ECO "C06"]
[WhiteElo "1641"]
[BlackElo "1831"]
[Annotator "NA RC"]
[PlyCount "165"]
[EventDate "2022.04.10"]
[EventType "swiss"]
[EventCountry "POR"]
[SourceTitle "playchess.com"]
[Source "ChessBase"]
[SourceQuality "1"]
[TimeControl "5400+30"]

1. e4 e6 2. d4 d5 3. Nd2 Nf6 4. e5 Nfd7 5. Bd3 c5 6. c3 Nc6 7. Ne2 cxd4 8. cxd4 f6 9. exf6 Nxf6 10. O-O Bd6 11. Nf3 O-O 12. h3 e5 13. dxe5 Nxe5 14. Nxe5 Bxe5 15. Rb1 Be6 16. Be3 Kh8 17. Nd4 Bg8 18. Nf3 Qd6 19. Bd4 ({White should play} 19. Nxe5 $16 Qxe5 20. Bc5) 19... Nd7 20. Bxe5 Nxe5 21. Nxe5 Qxe5 22. Qe2 Qd6 23. Bc2 Rac8 24. Qd3 Qf6 25. Bb3 h6 26. Bc2 Rc6 27. f3 Rfc8 28. Rf2 Qd8 29. Re1 Qb6 30. Bb3 Re6 31. Rd1 Re3 32. Qd2 Rd8 33. Kh2 Qd6+ 34. g3 Re5 35. Re2 Rg5 36. f4 Rf5 37. Bc2 Rf7 38. Qd4 b6 39. Rde1 Rf6 40. Qd3 Qc6 41. Re7 Rc8 42. R1e2 a5 43. Qd4 Qc5 (43... Qc4 $11 {was preferrable.} 44. Qd1 Qb4) 44. Qxc5 (44. Qe5 $1 $14) 44... Rxc5 45. Bd3 Rcc6 46. a3 Rfe6 (46... g6 $16) 47. R7xe6 Rxe6 (47... Bxe6 $16 48. g4 Kg8) 48. Rxe6 Bxe6 49. f5 Bd7 50. Kg2 Kg8 51. Kf3 Kf7 52. Kf4 Kf6 53. g4 Be8 54. h4 Bc6 55. g5+ Kf7 56. Ke5 hxg5 57. hxg5 Ke7 58. Be2 Bd7 59. f6+ gxf6+ 60. gxf6+ Kf7 61. Bh5+ Kf8 62. Kxd5 Ba4 63. Bg6 Bb5 64. Kd6 Bc4 65. Kc6 b5 66. Kb6 a4 67. Kc5 $18 Be2 68. Be4 Kf7 69. Bc6 Kxf6 70. Bxb5 Bd1 71. Kb4 Ke6 72. Bxa4 Bxa4 73. Kxa4 Kd6 74. Kb5 Kc7 75. b4 Kb7 76. a4 Kb8 77. Ka6 Ka8 78. b5 Kb8 79. b6 Ka8 80. b7+ Kb8 81. a5 Kc7 82. Ka7 Kc6 83. b8=Q 1-0

[Event "Portuguese-ch U14-20 2022"]
[Site "Fatima"]
[Date "2022.04.12"]
[Round "5.29"]
[White "Moldovan, Andre Dragos"]
[Black "Sarabando, Rodrigo Andias"]
[Result "0-1"]
[ECO "D02"]
[WhiteElo "1369"]
[BlackElo "1897"]
[Annotator "NA RC"]
[PlyCount "100"]
[EventDate "2022.04.10"]
[EventType "swiss"]
[EventCountry "POR"]
[SourceTitle "playchess.com"]
[Source "ChessBase"]
[SourceQuality "1"]
[TimeControl "5400+30"]

1. d4 Nf6 2. Bf4 d5 3. Nf3 c5 4. e3 Nc6 5. c3 Qb6 6. Qc1 Bf5 7. Be2 e6 8. h3 h6 9. O-O Be7 10. Nbd2 O-O 11. Bd1 Rac8 12. Bc2 Bxc2 13. Qxc2 cxd4 14. exd4 Nxd4 15. Nxd4 Qxd4 16. Be3 Qe5 17. Nf3 Qc7 18. Qe2 b6 19. Rfd1 Rfd8 20. Rac1 Bc5 21. Bd4 Bxd4 22. Nxd4 a5 23. Nb5 Qc4 24. Qxc4 Rxc4 25. Nd4 Rdc8 26. Nf3 Nd7 27. Rd2 b5 28. Rdc2 b4 29. Kf1 Kf8 30. Ke2 bxc3 31. Rxc3 Rxc3 32. Rxc3 Rxc3 33. bxc3 Ke7 34. Ke3 Kd6 35. Nd4 g6 36. Nb3 a4 37. Nd4 e5 38. Nc2 Kc5 39. Kd3 Nb6 40. Ne3 f5 41. f3 Nc4 42. Nc2 f4 43. Ne1 Ne3 44. g3 g5 45. g4 Kb5 $19 46. a3 Kc5 47. Nc2 Nxc2 48. Kxc2 Kc4 49. Kd2 e4 50. fxe4 dxe4 0-1

[Event "Portuguese-ch U14-20 2022"]
[Site "Fatima"]
[Date "2022.04.12"]
[Round "5.30"]
[White "Areal, Maria Beatriz Moura"]
[Black "Pacetti Terra, Nicolas"]
[Result "0-1"]
[ECO "C44"]
[WhiteElo "1343"]
[BlackElo "1756"]
[Annotator "NA RC"]
[PlyCount "131"]
[EventDate "2022.04.10"]
[EventType "swiss"]
[EventCountry "POR"]
[SourceTitle "playchess.com"]
[Source "ChessBase"]
[SourceQuality "1"]
[TimeControl "5400+30"]

1. e4 e5 2. Nf3 Nc6 3. d4 exd4 4. Nxd4 Qf6 5. Nf3 Bc5 6. Nc3 Nge7 7. Nb5 Bb6 8. Be3 Ba5+ 9. c3 a6 10. Nbd4 Bb6 11. Bd3 h6 12. O-O O-O 13. Qd2 d5 14. Nxc6 Qxc6 15. exd5 Nxd5 16. Bxb6 Nxb6 17. Qc2 Qf6 18. Be4 c6 19. Rfe1 Be6 20. Nd4 Rfe8 21. Nxe6 Rxe6 22. Bh7+ Kf8 23. Rxe6 Qxe6 24. Bf5 Qe5 25. Bd3 Rd8 26. Bf1 g6 27. Rd1 Rxd1 28. Qxd1 Ke7 29. Qe2 Ke6 30. Qg4+ Kd6 31. Qb4+ Kc7 32. Qf8 Qe6 33. Qa3 Qd6 34. Qb3 Qd5 35. Qxd5 cxd5 36. b3 Kc6 37. f3 d4 38. c4 Kc5 39. a3 a5 40. Kf2 Nd7 41. Ke1 Ne5 42. Kd2 b6 43. Kc2 f5 44. Kd2 Nc6 45. Kc2 Kd6 46. Kd3 Ke5 47. Be2 h5 48. Bd1 h4 49. Be2 Kf4 50. b4 axb4 51. axb4 Nxb4+ 52. Kxd4 Nc2+ 53. Kd5 Ne3+ 54. Kc6 Nxg2 55. Kxb6 Ke3 56. c5 Kxe2 57. c6 Nf4 58. Kc7 Nd5+ 59. Kd6 Nb6 60. c7 Kxf3 61. Ke5 Kg2 62. Kf4 h3 63. Kg5 Kxh2 64. Kxg6 f4 65. Kf5 f3 66. Ke5 0-1

[Event "Portuguese-ch U14-20 2022"]
[Site "Fatima"]
[Date "2022.04.12"]
[Round "5.31"]
[White "De Medeiros, Sara Soares"]
[Black "Cabete, Manuel"]
[Result "1-0"]
[ECO "D30"]
[WhiteElo "1828"]
[BlackElo "1233"]
[Annotator "NA RC"]
[PlyCount "49"]
[EventDate "2022.04.10"]
[EventType "swiss"]
[EventCountry "POR"]
[SourceTitle "playchess.com"]
[Source "ChessBase"]
[SourceQuality "1"]
[TimeControl "5400+30"]

1. d4 Nf6 2. c4 e6 3. Nf3 d5 4. Bg5 Be7 5. Nc3 O-O 6. cxd5 exd5 7. e3 Bf5 8. Qb3 Nc6 9. Bxf6 Bxf6 10. Nxd5 Be6 11. Nxf6+ Qxf6 12. Qc3 Bd5 13. Be2 Rfe8 14. O-O Qg6 15. Ne1 Rad8 16. Bf3 Bxf3 17. Nxf3 Rd5 18. Rfd1 Re4 19. Qd3 Qe6 20. Rac1 Rg4 21. a3 Rxg2+ 22. Kxg2 Qg4+ 23. Kf1 Qxf3 24. e4 Qh1+ 25. Ke2 1-0

[Event "Portuguese-ch U14-20 2022"]
[Site "Fatima"]
[Date "2022.04.12"]
[Round "5.32"]
[White "Torres Rodero, Francisco"]
[Black "Marques, Afonso Mendes Pereir"]
[Result "1/2-1/2"]
[ECO "A00"]
[WhiteElo "2048"]
[BlackElo "1550"]
[Annotator "RC"]
[PlyCount "87"]
[EventDate "2022.04.10"]
[EventType "swiss"]
[EventCountry "POR"]
[SourceTitle "playchess.com"]
[Source "ChessBase"]
[SourceQuality "1"]
[TimeControl "5400+30"]

1. Nc3 d5 2. e4 d4 3. Nce2 e5 4. Nf3 Nc6 5. Ng3 Nf6 6. a3 Bd6 7. Bc4 O-O 8. d3 h6 9. Bd2 Ne7 10. Qc1 Kh7 11. h3 Nd7 12. Nh2 Nf6 13. f3 Neg8 14. Ng4 Nh5 15. Nxh5 Qh4+ 16. Ke2 Qxh5 17. c3 c5 18. Qc2 Ne7 19. Bxh6 f5 20. exf5 Nxf5 21. Kf2 Qh4+ 22. Kg1 Nxh6 23. Bd5 Qg5 24. Re1 Rb8 25. cxd4 cxd4 26. Qb3 Bf5 27. Rd1 b6 28. Be6 Qe7 29. Bd5 Rbc8 30. Kf2 Rc5 31. Rc1 Rxc1 32. Rxc1 Bxg4 33. hxg4 Qh4+ 34. Ke2 Qh2 35. Be4+ Kh8 36. Qe6 Qxg2+ 37. Kd1 Nxg4 38. Qxg4 Qxg4 39. fxg4 Rf1+ 40. Kc2 Rxc1+ 41. Kxc1 Kg8 42. Kc2 Kf7 43. Bf5 Kf6 44. Kb3 1/2-1/2

[Event "Portuguese-ch U14-20 2022"]
[Site "Fatima"]
[Date "2022.04.12"]
[Round "5.33"]
[White "Lachever, Diogo Freire"]
[Black "Camacho, Filipa Fernandes Bri"]
[Result "0-1"]
[ECO "D02"]
[WhiteElo "1182"]
[BlackElo "1467"]
[Annotator "NA"]
[PlyCount "96"]
[EventDate "2022.04.10"]
[EventType "swiss"]
[EventCountry "POR"]
[SourceTitle "playchess.com"]
[Source "ChessBase"]
[SourceQuality "1"]
[TimeControl "5400+30"]

1. d4 d5 2. Nf3 e6 3. g3 c5 4. Bg2 Nf6 5. O-O Be7 6. dxc5 Bxc5 7. c4 O-O 8. cxd5 Nxd5 9. Qc2 Qc7 10. e4 Nf6 11. Bf4 Qb6 12. Nc3 Bd7 13. Ng5 h6 14. Nf3 Nc6 15. Na4 Nb4 16. Qxc5 Bxa4 17. Qxb6 axb6 18. b3 Bb5 19. Rfd1 Rxa2 20. Rxa2 Nxa2 21. Bd6 Rc8 22. e5 Nc3 23. Re1 Nfd5 24. Nd4 Ba6 25. Rc1 Rd8 26. Bxd5 Nxd5 27. Kg2 Bd3 28. h3 g5 29. Kf3 Kg7 30. Rd1 Bg6 31. Rc1 Ra8 32. Ke2 Ra2+ 33. Ke1 Rb2 34. Ba3 Rb1 35. Rxb1 Bxb1 36. Kd2 h5 37. Nb5 Bf5 38. h4 gxh4 39. gxh4 Nf4 40. Be7 Nd3 41. Bf6+ Kg6 42. Ke3 Nc5 43. b4 Nd3 44. Be7 Nxe5 45. Nd6 Nc6 46. Bf8 Nxb4 47. Nxf5 Nd5+ 48. Ke4 Nf6+ 0-1

[Event "Portuguese-ch U14-20 2022"]
[Site "Fatima"]
[Date "2022.04.12"]
[Round "5.34"]
[White "Bento, David"]
[Black "Reis, Pedro"]
[Result "1-0"]
[ECO "C90"]
[WhiteElo "1282"]
[BlackElo "1211"]
[Annotator "NA"]
[PlyCount "65"]
[EventDate "2022.04.10"]
[EventType "swiss"]
[EventCountry "POR"]
[SourceTitle "playchess.com"]
[Source "ChessBase"]
[SourceQuality "1"]
[TimeControl "5400+30"]

1. e4 e5 2. Nf3 Nc6 3. Bb5 a6 4. Ba4 Nf6 5. d3 Be7 6. O-O b5 7. Bb3 d6 8. c3 O-O 9. Re1 Na5 10. Bc2 c5 11. d4 Nc6 12. Be3 Re8 13. Nbd2 Bf8 14. Nf1 Bb7 15. Ng3 g6 16. h4 exd4 17. cxd4 cxd4 18. Nxd4 Ne5 19. h5 Rc8 20. hxg6 fxg6 21. a4 b4 22. Bb3+ d5 23. Qe2 Kh8 24. Nf3 Nxf3+ 25. gxf3 dxe4 26. Nxe4 Nxe4 27. fxe4 Rxe4 28. Rad1 Qf6 29. Bd4 Rxd4 30. Rxd4 Qxd4 31. Qe6 Bc5 32. Re2 Qd8 33. Qe5+ 1-0

[Event "Portuguese-ch U14-20 2022"]
[Site "Fatima"]
[Date "2022.04.12"]
[Round "5.37"]
[White "Caturra, Rafael Dias"]
[Black "Mendes, Simao Pedro Garcia"]
[Result "1-0"]
[ECO "A17"]
[WhiteElo "1086"]
[BlackElo "1147"]
[Annotator "NA"]
[PlyCount "101"]
[EventDate "2022.04.10"]
[EventType "swiss"]
[EventCountry "POR"]
[SourceTitle "playchess.com"]
[Source "ChessBase"]
[SourceQuality "1"]
[TimeControl "5400+30"]

1. c4 e6 2. Nc3 Nf6 3. Nf3 d5 4. cxd5 exd5 5. d4 c6 6. Bf4 Bd6 7. Bg3 O-O 8. e3 Ne4 9. Qc2 Bf5 10. Bd3 Qe7 11. Bxd6 Qxd6 12. Nxe4 Qg6 13. Ng3 Bxd3 14. Qb3 Ba6 15. Qc3 Nd7 16. b4 Nb6 17. a4 Rfc8 18. Qb3 Bc4 19. Qb2 Nd7 20. Nd2 Bd3 21. Qb3 Nb6 22. Ra3 Bc4 23. Nxc4 Nxc4 24. Ra1 Re8 25. Qc3 h5 26. O-O h4 27. Ne2 h3 28. Nf4 Qd6 29. Nxh3 f6 30. Nf4 Kf7 31. Rfe1 Rh8 32. g3 g5 33. Ng2 Rh6 34. e4 Rah8 35. h4 gxh4 36. Nxh4 Rxh4 37. gxh4 Rxh4 38. Qg3 Rf4 39. b5 Nd2 40. Re3 Nxe4 41. Qh2 Nxf2 42. Qh7+ Kf8 43. Qh8+ Kf7 44. Qe8+ Kg7 45. Re7+ Kh6 46. Qh8+ Kg5 47. Rg7+ Kf5 48. Qh7+ Ke6 49. Re1+ Ne4 50. Qh3+ Rf5 51. Rf1 1-0

[Event "Portuguese-ch U14-20 2022"]
[Site "Fatima"]
[Date "2022.04.12"]
[Round "5.38"]
[White "Mourao, Martim Oliveira"]
[Black "Cabral, Francisco Manuel N V"]
[Result "1/2-1/2"]
[ECO "B15"]
[WhiteElo "1110"]
[BlackElo "1121"]
[Annotator "NA"]
[PlyCount "102"]
[EventDate "2022.04.10"]
[EventType "swiss"]
[EventCountry "POR"]
[SourceTitle "playchess.com"]
[Source "ChessBase"]
[SourceQuality "1"]
[TimeControl "5400+30"]

1. e4 c6 2. d4 d5 3. Nc3 dxe4 4. Nxe4 e5 5. Be3 exd4 6. Qxd4 Qxd4 7. Bxd4 Bf5 8. Bd3 Nd7 9. Nf3 Bxe4 10. Bxe4 Ndf6 11. Bd3 Bc5 12. Bc3 Nd5 13. Bd2 Nb4 14. Bxb4 Bxb4+ 15. c3 Bc5 16. O-O Nf6 17. Rad1 O-O 18. Bc4 Rad8 19. h3 Bb6 20. Rfe1 Rxd1 21. Rxd1 Re8 22. Kf1 h6 23. Re1 Rxe1+ 24. Kxe1 Nd7 25. Nd2 Kf8 26. Ke2 Ne5 27. Bb3 f6 28. Ne4 Ke7 29. f4 Nd7 30. Nd2 Bc7 31. Ke3 Nc5 32. Bc2 Bb6 33. Nc4 Bc7 34. b4 Nd7 35. a4 Nb6 36. Nxb6 Bxb6+ 37. Ke4 Bf2 38. c4 c5 39. bxc5 Bxc5 40. Kd5 Bb4 41. c5 Bd2 42. f5 Be3 43. Be4 Bf2 44. Kc4 b6 45. c6 a6 46. Kd5 Bg3 47. Bd3 a5 48. Kc4 Kd6 49. Kb5 Bf2 50. Be4 Be3 51. Ka6 Kc7 1/2-1/2

[Event "Portuguese-ch U14-20 2022"]
[Site "Fatima"]
[Date "2022.04.13"]
[Round "6.1"]
[White "Martins, Bruno Andre Leite"]
[Black "Monteiro, Paulo Alexandre G"]
[Result "1/2-1/2"]
[ECO "B60"]
[WhiteElo "2323"]
[BlackElo "2032"]
[Annotator "TA"]
[PlyCount "59"]
[EventDate "2022.04.10"]
[EventType "swiss"]
[EventCountry "POR"]
[SourceTitle "playchess.com"]
[Source "ChessBase"]
[SourceQuality "1"]
[TimeControl "5400+30"]

1. e4 c5 2. Nf3 d6 3. d4 cxd4 4. Nxd4 Nf6 5. Nc3 Nc6 6. Bg5 g6 7. Bxf6 exf6 8. Bb5 {[%emt 0:09:09] B60: Sicilian: Richter-Rauzer: Unusual Black 6th moves and 6...Bd7 without 7 Qd2.} Bd7 9. O-O {[%emt 0:03:27] &Bianco is more active. 9.Nde2 injects fresh life into this line.} Bg7 10. Ba4 {[%emt 0:12:34] [#] White is slightly better.} f5 $146 ({Predecessor:} 10... O-O 11. Nxc6 Bxc6 12. Bb3 f5 13. exf5 Bxc3 14. bxc3 Qg5 15. Bd5 Qxf5 16. Bxc6 bxc6 17. Qxd6 Qxc2 18. Qxc6 {0-1 (28) Bodnar,N (2438)-Kryakvin,D (2570) Chess.com INT 2021}) 11. Nxc6 Bxc6 12. Bxc6+ bxc6 13. exf5 O-O 14. Qf3 d5 15. Rab1 a5 16. Na4 Rb8 17. b3 Rb4 18. Nc5 Qd6 19. Nd3 Re4 20. Rfe1 Rfe8 {[%emt 0:01:14] The position is equal.} 21. Qg3 Qxg3 22. hxg3 gxf5 23. f3 R4e6 24. Rxe6 fxe6 $11 {[%emt 0:00:55][%mdl 4096] Endgame KRB-KRN} 25. f4 e5 26. fxe5 Bxe5 27. Nxe5 Rxe5 28. Kf2 {[%emt 0:00:18] Inhibits Re2+.} Kf7 29. Rd1 Re4 30. Kf3 {[%emt 0:00:12] Weighted Error Value: White=0.08 (flawless) /Black=0.06 (flawless)} 1/2-1/2

[Event "Portuguese-ch U14-20 2022"]
[Site "Fatima"]
[Date "2022.04.13"]
[Round "6.2"]
[White "Ribeiro, Orlando"]
[Black "Leao, Tiago Miguel Da Silv"]
[Result "1-0"]
[ECO "B47"]
[WhiteElo "1945"]
[BlackElo "2131"]
[Annotator "TA"]
[PlyCount "63"]
[EventDate "2022.04.10"]
[EventType "swiss"]
[EventCountry "POR"]
[SourceTitle "playchess.com"]
[Source "ChessBase"]
[SourceQuality "1"]
[TimeControl "5400+30"]

1. e4 c5 2. Nf3 e6 3. d4 cxd4 4. Nxd4 Nc6 5. Nc3 Qc7 6. g3 a6 7. Bg2 Nf6 8. O-O Nxd4 9. Qxd4 Bc5 10. Qd3 Ng4 {The main line 10...Ng4 scores better than 10...d6.} 11. Qe2 {B47: Sicilian: Taimanov: 5 Nc3 Qc7 6 f4, 6 g3 and 6 Be2.} h5 12. Bf4 d6 13. Rad1 ({Better is} 13. Bf3) 13... Ne5 14. h3 {[#]} b5 $146 ({Predecessor:} 14... Bd7 15. Be3 b5 16. Bxc5 Qxc5 17. Nb1 b4 18. Qd2 Bb5 19. Rfe1 Rd8 20. c3 a5 21. cxb4 Qxb4 {1-0 (41) Rakotomaharo,F (2422)-Babiy,O (2271) Chess.com INT 2020}) 15. Be3 Bb7 16. Nb1 Nc4 (16... h4 $17 {Threatens to win with ...hxg3.} 17. gxh4 Rxh4) 17. Bxc5 Qxc5 18. b3 Nb6 (18... Ne5 $15) 19. Rd3 $11 b4 (19... h4 $11) 20. Rfd1 $16 Rd8 21. Qd2 Nc8 ({Black should try} 21... h4 $14) 22. c3 a5 23. cxb4 axb4 24. Rd4 Ke7 $2 {[%mdl 8192] [#] This costs Black the game.} (24... h4 $16 {is tougher.}) 25. Rc1 $18 {White is clearly winning.} Qa7 26. Rxb4 Rd7 27. Qg5+ Kf8 {[#]} 28. Rc7 $1 f6 29. Rbxb7 Rxc7 30. Rxa7 Rxa7 31. Qc1 Ke7 32. a4 {Weighted Error Value: White=0.33/Black=0.75} 1-0

[Event "Portuguese-ch U14-20 2022"]
[Site "Fatima"]
[Date "2022.04.13"]
[Round "6.3"]
[White "Santos, Jose Miguel Sereno"]
[Black "Machado, Tomas Dias"]
[Result "1-0"]
[ECO "B30"]
[WhiteElo "1843"]
[BlackElo "2030"]
[Annotator "TA"]
[PlyCount "107"]
[EventDate "2022.04.10"]
[EventType "swiss"]
[EventCountry "POR"]
[SourceTitle "playchess.com"]
[Source "ChessBase"]
[SourceQuality "1"]
[TimeControl "5400+30"]

1. e4 c5 2. Nf3 Nc6 3. Nc3 d6 4. d4 cxd4 5. Nxd4 e5 6. Ndb5 a6 7. Na3 b5 8. Nd5 Nf6 9. Bg5 Be7 10. Bxf6 Bxf6 11. c3 Bg5 12. Be2 O-O 13. O-O Be6 14. Nc2 Rb8 15. Nce3 Bxe3 16. Nxe3 Ne7 17. Qd2 {[%emt 0:03:14] B33: Sicilian: Pelikan and Sveshnikov Variations.} Qb6 18. Rfd1 Rfd8 19. Bf3 {[%emt 0:00:32] [#] The position is equal.} Rb7 $146 ({Predecessor:} 19... a5 20. b3 Rbc8 21. Rac1 h6 22. Qd3 a4 23. c4 bxc4 24. Nxc4 Qb4 25. Be2 axb3 26. Qxb3 {0-1 (44) Schachinger,M (2278)-Gerhold,M (2219) Austria 2007}) 20. b3 Rbd7 21. Rac1 Kf8 22. c4 Nc6 23. Bg4 Bxg4 24. Nxg4 Nd4 25. Ne3 Qb7 26. Nd5 b4 27. Qe3 Rc8 28. Kf1 a5 (28... Kg8 $14) 29. f4 (29. Qh3 $1 $16 h6 30. Nb6 $1 Qxb6 31. Qxd7) 29... Rdd8 30. f5 {[%emt 0:00:28][%cal Bf4f5,Bf5f6][%mdl 32] f6 is the strong threat.} Rc5 $2 ({Black should play} 30... f6 $1 $14) 31. f6 $18 Rxd5 32. fxg7+ (32. exd5 Qd7 33. fxg7+ Kxg7 34. Qg5+ Kf8 $18) (32. cxd5 $6 gxf6 33. Kg1 Ke8 $16) 32... Kg8 {[%emt 0:00:16][%cal Od4c2] And now ...Nc2! would win.} 33. cxd5 ({Don't play} 33. exd5 $6 f6 34. Rxd4 exd4 35. Qxd4 Re8 36. Qxf6 Qa7 $18) 33... f6 34. Rxd4 $2 (34. Qh3 $18 {and White stays clearly on top.}) 34... exd4 $16 35. Qxd4 Qxg7 $18 {[%emt 0:01:18][%mdl 4096] Endgame KQR-KQR} (35... Qe7 $16 36. Rc6 Re8) 36. Qb6 Qe7 37. Qxa5 Re8 38. Qxb4 Qe5 {[%emt 0:00:29] White must now prevent ...Qf4+.} 39. Kg1 f5 40. Qc3 Qxe4 41. Qd2 f4 42. Rf1 Rf8 (42... Qe3+ {was necessary.} 43. Qxe3 fxe3) 43. b4 Rf5 44. a4 h6 45. a5 Qc4 46. Rc1 Qe4 47. Rf1 Qc4 48. Rf3 Qe4 49. Kf2 Kg7 (49... Rg5 $142 50. g3 (50. Qxf4 Qc2+ 51. Ke1 Qb1+ 52. Kf2 Qc2+ 53. Kf1 Qb1+ 54. Kf2 Qc2+ $11) (50. Rxf4 $2 Qxg2+ 51. Ke1 Qg1+ 52. Rf1 Re5+ 53. Qe2 Qd4 $19) 50... fxg3+ 51. hxg3 Rf5 52. Rxf5 Qxf5+ 53. Kg2 Qe4+ 54. Kf2 Qf5+ 55. Kg2 Qe4+ 56. Kh2 Qc4) 50. a6 {[%emt 0:00:21] Strongly threatening Qd3.} Rxd5 51. Qxf4 Qc2+ {[%emt 0:00:09] [#]} 52. Kg3 $2 (52. Kg1 $1 $18 {Intending Qf8+ and mate.} Rd1+ 53. Rf1 Rxf1+ 54. Qxf1) 52... Rg5+ $2 (52... Qg6+ $11 53. Kf2 Qc2+ 54. Kg1 Rd1+ 55. Rf1 Rxf1+ 56. Qxf1 Qa4) 53. Kh4 {[%emt 0:00:12] White wants to mate with Qf8+.} Qc7 54. Qf8+ {[%emt 0:00:22] Weighted Error Value: White=0.29 (precise) /Black=0.41} 1-0

[Event "Portuguese-ch U14-20 2022"]
[Site "Fatima"]
[Date "2022.04.13"]
[Round "6.4"]
[White "Oliveira, Beatriz Correia"]
[Black "Marques, Joao Goncalo B A"]
[Result "0-1"]
[ECO "D56"]
[WhiteElo "1558"]
[BlackElo "1418"]
[Annotator "NA RC"]
[PlyCount "62"]
[EventDate "2022.04.10"]
[EventType "swiss"]
[EventCountry "POR"]
[SourceTitle "playchess.com"]
[Source "ChessBase"]
[SourceQuality "1"]
[TimeControl "5400+30"]

1. d4 d5 2. c4 e6 3. Nf3 Nf6 4. Nc3 Be7 5. Bg5 h6 6. Bh4 O-O 7. e3 Ne4 8. Bxe7 Qxe7 9. Nxe4 dxe4 10. Nd2 e5 11. d5 f5 12. Qc2 Nd7 13. Be2 Nf6 14. O-O a5 15. a4 Bd7 16. Rfd1 Kh8 17. Rac1 Be8 18. Nb1 Rd8 19. Nc3 Bg6 20. Nb5 f4 21. Rd2 Bh7 22. Qc3 f3 23. gxf3 exf3 24. Bxf3 Ne4 25. Bxe4 Bxe4 26. Re2 Bf3 27. Rec2 Qg5+ 28. Kf1 Qg2+ 29. Ke1 Qg1+ 30. Kd2 Qxf2+ 31. Kd3 Be4+ 0-1

[Event "Portuguese-ch U14-20 2022"]
[Site "Fatima"]
[Date "2022.04.13"]
[Round "6.5"]
[White "Lanca, Luis"]
[Black "Voges, Guilherme"]
[Result "1/2-1/2"]
[ECO "B06"]
[WhiteElo "1316"]
[BlackElo "1657"]
[Annotator "NA RC"]
[PlyCount "136"]
[EventDate "2022.04.10"]
[EventType "swiss"]
[EventCountry "POR"]
[SourceTitle "playchess.com"]
[Source "ChessBase"]
[SourceQuality "1"]
[TimeControl "5400+30"]

1. e4 g6 2. d4 Bg7 3. Nc3 d6 4. Be3 Nf6 5. Bc4 Ng4 6. Bc1 c5 7. Bb5+ Bd7 8. Qxg4 Bxb5 9. Nxb5 Qa5+ 10. Nc3 f5 11. Qe2 Nc6 12. Qb5 cxd4 13. Qxa5 Nxa5 14. Nd5 Rc8 15. exf5 Rxc2 16. Nb4 Rc4 17. Bd2 gxf5 18. b3 Rc5 19. Nd3 Rb5 20. Bxa5 Rxa5 21. Nf3 e5 22. Nd2 d5 23. O-O e4 24. Nb4 Rb5 25. Nd3 exd3 26. Rac1 O-O 27. Rc7 Re8 28. f4 Re2 29. Rd1 Rb6 30. Nf3 Rxa2 31. Rxd3 Re6 32. Rc8+ Bf8 33. Ne5 Ra1+ 34. Kf2 Ra2+ 35. Kg3 Kg7 36. Rxd4 Bd6 37. Rxd5 Bxe5 38. fxe5 Rg6+ 39. Kf4 Rf2+ 40. Ke3 Rgxg2 41. Rd7+ Kh6 42. Rxb7 f4+ 43. Ke4 f3 44. Rc6+ Rg6 45. Rxg6+ hxg6 46. e6 Rf1 47. e7 f2 48. Kf3 Re1 49. Kxf2 Re6 50. Rxa7 Kg5 51. b4 Kf6 52. b5 Kf7 53. Kf3 Rb6 54. e8=Q+ Kxe8 55. Ra6 Rxb5 56. Rxg6 Rh5 57. Kg3 Kf7 58. Rg4 Kf6 59. h4 Kf7 60. Rg5 Rxg5+ 61. hxg5 Kg7 62. Kg4 Kg6 63. Kh4 Kg7 64. Kh5 Kh7 65. g6+ Kg8 66. Kg5 Kg7 67. Kf5 Kg8 68. Kf6 Kf8 1/2-1/2

[Event "Portuguese-ch U14-20 2022"]
[Site "Fatima"]
[Date "2022.04.13"]
[Round "6.6"]
[White "Teves, Pedro"]
[Black "Oliveira, Daniela Sousa"]
[Result "1-0"]
[ECO "E06"]
[WhiteElo "1390"]
[BlackElo "1272"]
[Annotator "NA RC"]
[PlyCount "83"]
[EventDate "2022.04.10"]
[EventType "swiss"]
[EventCountry "POR"]
[SourceTitle "playchess.com"]
[Source "ChessBase"]
[SourceQuality "1"]
[TimeControl "5400+30"]

1. d4 Nf6 2. Nf3 d5 3. c4 e6 4. g3 Be7 5. Bg2 O-O 6. O-O dxc4 7. Qc2 b6 8. Qxc4 Bb7 9. Bf4 Nd5 10. Nfd2 Bd6 11. Bxd6 Qxd6 12. e4 Ba6 13. Qb3 Bxf1 14. Nxf1 Qb4 15. exd5 Qxb3 16. axb3 exd5 17. Bxd5 c6 18. Bf3 Rd8 19. Nc3 a6 20. Nb5 Rc8 21. Ne3 Nd7 22. Nd6 Rc7 23. d5 Ne5 24. Bg2 Rd8 25. Rxa6 g6 26. Ndc4 Nxc4 27. bxc4 cxd5 28. Bxd5 Rb8 29. b3 Kg7 30. Bf3 Rc5 31. Ra7 Ra5 32. Rd7 Ra3 33. Bd5 Rf8 34. Ng4 Rxb3 35. Ne5 b5 36. c5 Rb1+ 37. Kg2 Rc1 38. c6 Rb8 39. Rxf7+ Kh6 40. Rb7 Re8 41. Nf7+ Kh5 42. Bf3# 1-0

[Event "Portuguese-ch U14-20 2022"]
[Site "Fatima"]
[Date "2022.04.13"]
[Round "6.7"]
[White "Cunha, Alexandre Rodrigo Vi"]
[Black "Gage, Daniel"]
[Result "0-1"]
[ECO "B22"]
[WhiteElo "1603"]
[BlackElo "1752"]
[Annotator "NA RC"]
[PlyCount "126"]
[EventDate "2022.04.10"]
[EventType "swiss"]
[EventCountry "POR"]
[SourceTitle "playchess.com"]
[Source "ChessBase"]
[SourceQuality "1"]
[TimeControl "5400+30"]

1. e4 c5 2. c3 Nf6 3. e5 Nd5 4. Bc4 Nb6 5. Bb3 c4 6. Bc2 Nc6 7. Qe2 Qc7 8. f4 d6 9. exd6 Qxd6 10. d4 cxd3 11. Bxd3 g6 12. Nf3 Bg4 13. h3 Bxf3 14. Qxf3 Bg7 15. O-O O-O 16. Nd2 Rfd8 17. Bc2 f5 18. Kh1 e5 19. Rd1 Qe7 20. fxe5 Nxe5 21. Qf1 Qh4 22. Nf3 Rxd1 23. Qxd1 Nxf3 24. Qxf3 Qe1+ 25. Kh2 Be5+ 26. g3 Re8 27. Bd3 Kh8 28. Rb1 Bb8 29. Bf4 Qe6 30. Bxb8 Rxb8 31. b3 Nd7 32. Bc4 Qe5 33. Rd1 Nf6 34. Bd5 b6 35. Rd2 Rd8 36. c4 Ne4 37. Re2 Ng5 38. Qe3 Qxe3 39. Rxe3 Rd7 40. h4 Ne4 41. Bxe4 fxe4 42. Rxe4 Rd2+ 43. Kh3 Rxa2 44. Re7 Ra3 45. Rc7 a5 46. c5 Rxb3 47. c6 Rc3 48. Kg4 Rc5 49. Kf4 Kg8 50. Rc8+ Kf7 51. Rc7+ Ke6 52. Rxh7 Rxc6 53. Kg5 Kd5 54. Rg7 Kc4 55. Rxg6 Rxg6+ 56. Kxg6 a4 57. h5 a3 58. h6 a2 59. h7 a1=Q 60. g4 Qh8 61. g5 b5 62. Kh6 b4 63. g6 Qf6 0-1

[Event "Portuguese-ch U14-20 2022"]
[Site "Fatima"]
[Date "2022.04.13"]
[Round "6.8"]
[White "Paiva, Manuel Maria Fonseca"]
[Black "Quinta, Diogo Manuel Rodrigu"]
[Result "1-0"]
[ECO "C45"]
[WhiteElo "1370"]
[BlackElo "1127"]
[Annotator "NA RC"]
[PlyCount "47"]
[EventDate "2022.04.10"]
[EventType "swiss"]
[EventCountry "POR"]
[SourceTitle "playchess.com"]
[Source "ChessBase"]
[SourceQuality "1"]
[TimeControl "5400+30"]

1. e4 e5 2. Nf3 Nc6 3. d4 exd4 4. Nxd4 Bc5 5. Nb3 Bb6 6. Nc3 Qf6 7. Qe2 d6 8. h4 Be6 9. Bg5 Qg6 10. f4 f5 11. g4 fxe4 12. f5 Bxf5 13. gxf5 Qxf5 14. Nxe4 Nge7 15. O-O-O O-O-O 16. Bh3 Qxh3 17. Rxh3 h6 18. Bxe7 Nxe7 19. Nxd6+ cxd6 20. Qxe7 Rd7 21. Qe6 Kc7 22. Rc3+ Kd8 23. Rxd6 Rxd6 24. Rc8# 1-0